 Dungeon Crawl Stone Soup version 0.30-a0-51-g784eafce7f (webtiles) character file.

Game seed: 1559570028473179607

58 porpoise the Poker (level 3, -6/29 HPs)
             Began as a Demonspawn Gladiator on Sept 6, 2022.
             Mangled by a worm (8 damage)
             ... on level 2 of the Dungeon.
             The game lasted 00:05:09 (1397 turns).

porpoise the Poker (Demonspawn Gladiator)           Turns: 1397, Time: 00:05:12

Health: -6/29      AC:  6    Str: 16    XL:     3   Next: 76%
Magic:  3/3        EV: 11    Int:  9    God:
Gold:   70         SH:  0    Dex: 14    Spells: 2/2 levels left

rFire   . . .      SeeInvis .    a - +0 trident
rCold   . . .      Faith    .    (no shield)
rNeg    . . .      Spirit   .    i - +0 ring mail
rPois   .          Reflect  .    c - +0 helmet
rElec   .          Harm     .    (no cloak)
rCorr   .          Rampage  .    (no gloves)
Will    .....                    (no boots)
Stlth   +.........               (no amulet)
HPRegen 0.09/turn                (no ring)
MPRegen 0.08/turn                (no ring)

@: no status effects
A: powered by pain 2
a: no special abilities


You were on level 2 of the Dungeon.
You visited 1 branch of the dungeon, and saw 2 of its levels.

You collected 70 gold pieces.

Inventory:

Hand Weapons
 a - a +0 trident (weapon)
 m - a +2 spectral quarterstaff
Missiles
 d - 3 throwing nets (quivered)
 e - a javelin
Armour
 c - a +0 helmet (worn)
 i - a +0 ring mail (worn)
Scrolls
 g - a scroll of blinking {unknown}
 h - a scroll of identify {unknown}
 j - 3 scrolls of enchant weapon {unknown}
 k - a scroll of immolation {unknown}
 l - a scroll of poison {unknown}
 n - a scroll of noise {unknown}


   Skills:
 + Level 3.2 Fighting
 + Level 3.6 Polearms
 - Level 1.7 Throwing
 - Level 2.6 Dodging


You had 2 spell levels left.
You didn't know any spells.
Your spell library contained the following spells:

 Spells                   Type           Power      Damage    Failure   Level
 Beastly Appendage        Tmut           0%         N/A       61%         1
 Wereblood                Tmut           0%         N/A       75%         2
 Inner Flame              Hex/Fire       0%         N/A       93%         3
 Spider Form              Tmut/Pois      0%         N/A       93%         3
 Cause Fear               Hex            0%         N/A       100%        4
 Hailstorm                Conj/Ice       0%         3d3       100%        4
 Ice Form                 Ice/Tmut       0%         N/A       100%        4
 Simulacrum               Ice/Necr       0%         N/A       100%        6
 Discord                  Hex            0%         N/A       100%        8


Dungeon Overview and Level Annotations

Branches:
Dungeon (2/15)

Altars:
Sif Muna


Innate Abilities, Weirdness & Mutations

You sometimes gain power by taking damage.


Message History

The jackal bites you but does no damage.
You closely miss the jackal.
The jackal is severely wounded.
The jackal bites you but does no damage. x2
You puncture the jackal!
You kill the jackal!
You hit the jackal.
The jackal is lightly wounded.
The jackal bites you but does no damage. x2
You barely miss the jackal.
The jackal bites you but does no damage.
You barely miss the jackal.
Your transformation is almost over.
The jackal bites you but does no damage. x2
You hit the jackal.
The jackal is lightly wounded.
The jackal bites you but does no damage. x2
You puncture the jackal!
You kill the jackal!
Reach: a) +0 trident
Press: ? - help, Dir - move target, f - worm
Aim: a worm (about 22% to evade your +0 trident)
You reach to attack!
You hit the worm.
The worm is moderately wounded.
You puncture the worm!
The worm is severely wounded.
The worm bites you but does no damage.
You barely miss the worm. You punch the worm.
The worm is severely wounded.
You hit the worm.
The worm is almost dead.
The worm bites you.
* * * LOW HITPOINT WARNING * * *
You completely miss the worm.
The worm is severely wounded.
You feel less wooden.
Your +0 helmet unmelds from your body.
Your +0 ring mail unmelds from your body.
The worm bites you!
You die...

. #...........##....$..##..
. #...........##...........
.###...........##...........
.....##.....#####...........
............## #...........
....>##......## #....!......
.....##..##...###....†......
......<..##.#..##w).........
.....#...##.##..@######.....
_...........####....# .....
...###.#..### ####..# ....
.......#..####### .... w..
###.####......... ### ...
#..........###. #.########.#
### .# #


You could see a worm.

Vanquished Creatures
  An adder (D:2)
  2 worms (D:2)
  A dart slug (D:2)
  6 endoplasms
  A giant cockroach (D:2)
  2 hobgoblins (D:1)
  4 jackals (D:2)
  5 ball pythons (D:1)
  4 bats (D:1)
  6 goblins
  5 kobolds
  2 rats (D:1)
39 creatures vanquished.

Notes
Turn   | Place    | Note
-------+----------+-------------------------------------------
     0 | D:1      | porpoise the Demonspawn Gladiator began the quest for the
                  | Orb.
     0 | D:1      | Reached XP level 1. HP: 16/16 MP: 1/1
   325 | D:1      | Gained mutation: You sometimes gain a little power by
                  | taking damage. [demonic ancestry]
   325 | D:1      | Reached XP level 2. HP: 11/23 MP: 2/2
   490 | D:1      | Found a faded altar of an unknown god.
  1114 | D:2      | Gained mutation: You sometimes gain power by taking damage.
                  | [demonic ancestry]
  1114 | D:2      | Reached XP level 3. HP: 16/28 MP: 3/3
  1279 | D:2      | Found a shimmering blue altar of Sif Muna.
  1366 | D:2      | HP: 1/29 [jackal (3)]
  1373 | D:2      | HP: 2/43 [jackal (1)]
  1397 | D:2      | Mangled by a worm

Illustrated notes

Levels and vault maps discovered:
D:1:      minmay_arrival_solitary_statue, layout_basic,
          hellmonk_ecumenical_altar_slurped_away, minmay_misc_feat_encased
D:2:      layout_basic, basic_altar, chequers_avenue, minmay_misc_feat_plants,
          minmay_pentomino_p2

Skill      XL: |  1  2  3 |
---------------+----------+-----
Polearms       | 3 |  3.6
Fighting       | 3 |  3.2
Throwing       | |  1.7
Dodging        | |  2.6

Action                   || total
-------------------------++-------
Melee: Trident           ||   118
       Punch             ||     2
       Quarterstaff      ||    19
  Use: Potion            ||     2
Armor: Leather armour    ||    10
       Ring mail         ||    18
       Skin              ||    31
Dodge: Dodged            ||    50

Table legend: (Time is in decaauts)
 A = Elapsed time spent in this place.
 B = Non-inter-level travel time spent in this place.
 C = Inter-level travel time spent in this place.
 D = Time resting spent in this place.
 E = Time spent auto-exploring this place.
 F = Levels seen in this place.
 G = Mean time per level.
                   A        B        C        D        E       F      G
               +--------+--------+--------+--------+--------+-----+--------+
         Total |   1416 |   1397 |     19 |    478 |    615 |   2 |  708.0 |
       Dungeon |   1416 |   1397 |     19 |    478 |    615 |   2 |  708.0 |
               +--------+--------+--------+--------+--------+-----+--------+

Top non-repeatable levels by time:
     D:1: 1060 daAuts
     D:2: 356 daAuts
